 Dungeon Crawl Stone Soup version 0.21.1-1-g345015f (webtiles) character file.

100 doot the Sneak (level 4, -3/38 HPs)
             Began as a Naga Enchanter on June 4, 2018.
             Slain by a gnoll
             ... wielding a +0 club
              (6 damage)
             ... on level 2 of the Dungeon.
             The game lasted 00:06:21 (2408 turns).

doot the Sneak (Naga Enchanter)                     Turns: 2408, Time: 00:06:21

Health: -3/38      AC:  2    Str: 11    XL:     4   Next: 73%
Magic:  0/7        EV: 10    Int: 16    God:
Gold:   60         SH:  0    Dex: 11    Spells: 1/7 levels left

rFire    . . .     SeeInvis +   a - +1 dagger
rCold    . . .     Gourm    .   (no shield)
rNeg     . . .     Faith    .   b - +0 robe
rPois    +         Spirit   .   (no helmet)
rElec    .         Reflect  .   (no cloak)
rCorr    .         Harm     .   (no gloves)
MR       .....                  (no barding)
Stlth    +++.......             (no amulet)
HPRegen  0.12/turn              (no ring)
MPRegen  0.10/turn              (no ring)

@: very slightly contaminated, very slow
A: large, see invisible, deformed body, poison resistance, slowness 2, slow
metabolism 1, spit poison 1, AC +1
a: Spit Poison


You were on level 2 of the Dungeon.
You were very hungry.

You visited 1 branch of the dungeon, and saw 3 of its levels.

You collected 60 gold pieces.

Inventory:

Hand Weapons
 a - a +1 dagger (weapon)
 l - a +0 spear
Missiles
 h - 20 poisoned needles
Armour
 b - a +0 robe (worn)
Scrolls
 g - 5 scrolls of fear {unknown}
 j - a scroll of fog {unknown}
 k - 2 scrolls of identify {unknown}
 m - a scroll of remove curse {unknown}
 o - a scroll of noise {unknown}
 p - a scroll of enchant armour {unknown}
Potions
 e - a potion of brilliance {unknown}
 f - 3 potions of lignification {unknown}
 i - 2 potions of degeneration {unknown}
 r - a potion of resistance {unknown}
Books
 c - a book of Maledictions

   Spells                             Type                      Level
   a - Corona                         Hexes                        1
   b - Ensorcelled Hibernation        Hexes/Ice                    2
   c - Confuse                        Hexes                        3
   d - Tukima's Dance                 Hexes                        3
   e - Dazzling Spray                 Conjuration/Hexes            3
 q - Jessica's Handbook of Bewitchment
   (You found it on level 2 of the Dungeon)

   Spells                             Type                      Level
   a - Slow                           Hexes                        2
Comestibles
 d - a ration


   Skills:
 + Level 1.1 Fighting
 + Level 1.2 Short Blades
 + Level 0.3 Polearms
 + Level 2.1 Dodging
 + Level 5.3 Stealth
 + Level 2.1 Spellcasting
 + Level 4.0 Hexes


You had one spell level left.
You knew the following spells:

 Your Spells              Type           Power        Failure   Level  Hunger
a - Corona                Hex            ##.....      3%          1    #......
b - Ensorcelled Hibernat  Hex/Ice        #.....       13%         2    ###....
c - Confuse               Hex            ##......     12%         3    ###....


Dungeon Overview and Level Annotations

Branches:
Dungeon (3/15)

Altars:


Innate Abilities, Weirdness & Mutations

You cannot wear boots.
Your serpentine skin is tough. (AC +1)
You have supernaturally acute eyesight. (SInv)
Armour fits poorly on your strangely shaped body.
Your system is resistant to poisons. (rPois)
You cover ground very slowly.
You have a slow metabolism.
You can spit poison.


Message History

Casting: Ensorcelled Hibernation
Confirm with . or Enter, or press ? or * to list all spells.
Aiming: Ensorcelled Hibernation
Press: ? - help, Shift-Dir - straight line, f/p - gnoll
Aim: a gnoll, wielding a club (moderately wounded, poisoned, chance to defeat MR: 49%)
The gnoll resists with some effort.
The gnoll hits you with a club.
* * * LOW HITPOINT WARNING * * *
The gnoll barely misses you.
You have got your breath back.
The gnoll barely misses you.
The gnoll looks more healthy.
The gnoll hits you with a club.
* * * LOW HITPOINT WARNING * * *
Casting: Ensorcelled Hibernation
Confirm with . or Enter, or press ? or * to list all spells.
Aiming: Ensorcelled Hibernation
Press: ? - help, Shift-Dir - straight line, f/p - gnoll
Aim: a gnoll, wielding a club (heavily wounded, chance to defeat MR: 49%)
The gnoll resists with some effort.
The gnoll hits you with a club.
You die...

.#.##.#............#
.#.##.####.###.....# .#.##'##
#.# #.....# .#.....###+###.....#
.#.....#...........#
.#.....#...........# ###########
##.....#...........# #.........#
##.>...#..[........###.........#
.'.....'........@g.............#
##.....#...........###.........#
.......#...........# #.>.......#
#......#...........# #.........#
.......#######.....# #.........#
##.....# #.....# ##'########
#.....# #.....# #.# #.....#
######...## #<#
#.....###....#...#####'#######


You could see a gnoll.

Vanquished Creatures
  Jessica (D:2)
  2 gnolls
  2 adders (D:2)
  A dart slug (D:1)
  A leopard gecko (D:2)
  2 bats (D:1)
  2 goblins (D:1)
  6 hobgoblins
  4 jackals (D:2)
  3 kobolds (D:1)
  A quokka (D:2)
  2 ball pythons (D:2)
  A frilled lizard (D:2)
  5 rats
33 creatures vanquished.

Notes
Turn   | Place    | Note
-------+----------+-------------------------------------------
     0 | D:1      | doot the Naga Enchanter began the quest for the Orb.
     0 | D:1      | Reached XP level 1. HP: 15/15 MP: 3/3
   346 | D:1      | Reached XP level 2. HP: 19/24 MP: 5/5
   720 | D:1      | Reached XP level 3. HP: 10/30 MP: 6/6
  1836 | D:2      | Noticed Jessica
  1851 | D:2      | Killed Jessica
  1851 | D:2      | Reached skill level 1 in Fighting
  1851 | D:2      | Reached skill level 5 in Stealth
  1851 | D:2      | Reached XP level 4. HP: 38/38 MP: 7/7
  1865 | D:2      | Identified Jessica's Handbook of Bewitchment
  1877 | D:2      | Learned a level 2 spell: Ensorcelled Hibernation
  1881 | D:2      | Learned a level 3 spell: Confuse
  2408 | D:2      | Slain by a gnoll

Skill      XL: |  1  2  3  4 |
---------------+-------------+-----
Fighting       | 1 |  1.1
Dodging        | 2 |  2.1
Stealth        | 5 |  5.3
Hexes          | 4 |  4.0
Short Blades   | |  1.2
Polearms       | |  0.3
Spellcasting   | |  2.1

Action                   |  1- 3 |  4- 6 || total
-------------------------+-------+-------++-------
Melee: Dagger            |    26 |    30 ||    56
       Spear             |    23 |     6 ||    29
 Cast: Ensorcelled Hiber |       |     7 ||     7
       Confuse           |       |     2 ||     2
       Corona            |       |     1 ||     1
 Abil: Spit Poison       |    19 |     5 ||    24
 Stab: Sleeping          |     1 |     2 ||     3
  Eat: Chunk             |     3 |     1 ||     4
Armor: Robe              |     6 |    15 ||    21
Dodge: Dodged            |    34 |    21 ||    55
